 Dungeon Crawl Stone Soup version 0.24.0-13-gcf9b3192b9 (console) character file.

Game seed: 18026338632133563696, levelgen mode: deterministic

669 AlterAsc the Changer (level 7, -2/51 HPs)
             Began as an Octopode Transmuter on Nov 8, 2019.
             Was a Follower of Sif Muna.
             Slain by a gnoll sergeant
             ... wielding a +2 spear of flaming
              (10 damage)
             ... on level 6 of the Dungeon.
             The game lasted 00:15:01 (5026 turns).

AlterAsc the Changer (Octopode Transmuter)          Turns: 5026, Time: 00:15:02

Health: -2/51      AC:  6    Str: 11    XL:     7   Next: 58%
Magic:  10/13      EV: 10    Int: 16    God:    Sif Muna [*.....]
Gold:   257        SH:  0    Dex: 12    Spells: 4/14 levels left

rFire    x . .     SeeInvis .     - Unarmed
rCold    + + +     Gourm    .   (shield currently unavailable)
rNeg     . . .     Faith    .   (helmet currently unavailable)
rPois    +         Spirit   .   (no amulet)
rElec    .         Reflect  .   s - ring of flight
rCorr    .         Harm     .   v - ring of protection from cold
MR       .....                  (no ring)
Stlth    +.........             (no ring)
HPRegen  0.17/turn              (no ring)
MPRegen  0.13/turn              (no ring)
                                (no ring)
                                (no ring)

@: ice-form
A: large, almost no armour, stealthy swim, amphibious, 8 rings, (constrict 8)
a: End Transformation, Channel Magic, Renounce Religion, Evoke Flight


You were on level 6 of the Dungeon.
You worshipped Sif Muna.
Sif Muna was aware of your devotion.
You were not hungry.
You were a creature of crystalline ice.
You visited 1 branch of the dungeon, and saw 6 of its levels.
You also visited: Sewer.

You collected 257 gold pieces.

Inventory:

Missiles
 a - 73 arrows
 x - 28 poisoned darts (quivered)
Armour
 r - the +3 robe of Patterns {rPois rC+ Regen+ Str+2}
   (You found it on level 4 of the Dungeon)

   It affects your strength (+2).
   It protects you from cold.
   It protects you from poison.
   It increases your rate of regeneration.
 y - a +0 troll leather armour {Purgy}
Magical Staves
 p - an uncursed staff of air
Jewellery
 i - an uncursed ring of teleportation
 s - a ring of flight (left front paw)
 v - a ring of protection from cold (right front paw)
Wands
 o - a wand of flame (10)
 w - a wand of acid (5)
Scrolls
 b - 2 scrolls of remove curse
 e - 4 scrolls of enchant weapon
 g - 3 scrolls of amnesia
 h - a scroll of blinking {unknown}
 m - 2 scrolls of teleportation
 A - a scroll of fog {unknown}
Potions
 d - a potion of degeneration {unknown}
 j - 4 potions of agility
 k - a potion of heal wounds
 l - 2 potions of berserk rage
 n - 2 potions of mutation
 q - a potion of might {unknown}
 t - a potion of haste {unknown}
 u - 2 potions of curing {unknown}
Comestibles
 c - 13 rations


   Skills:
 - Level 1.4 Fighting
 - Level 2.3 Dodging
 - Level 3.2 Unarmed Combat
 + Level 4.3 Spellcasting
 * Level 6.3 Transmutations
 + Level 1.6 Ice Magic


You had 4 spell levels left.
You knew the following spells:

 Your Spells              Type           Power        Failure   Level  Hunger
a - Beastly Appendage     Tmut           ###...       1%          1    None
b - Sticks to Snakes      Tmut           ###.....     1%          2    ##.....
c - Spider Form           Tmut/Pois      ##........   13%         3    ###....
d - Ice Form              Ice/Tmut       ###.....     30%         4    ####...

Your spell library contained the following spells:

 Spells                   Type           Power        Failure   Level  Hunger
 Shock                    Conj/Air       #...         16%         1    None
 Swiftness                Chrm/Air       #.......     24%         2    ##.....
 Static Discharge         Conj/Air       #.......     43%         3    ###....
 Airstrike                Air            #.........   85%         4    ####...
 Blade Hands              Tmut           ###.......   32%         5    ######.
 Lightning Bolt           Conj/Air       #.........   99%         5    ######.


Dungeon Overview and Level Annotations

Branches:
Dungeon (6/15)             Temple (0/1) D:4           Sewer (visited)

Altars:
Qazlal
Ru
Sif Muna
Trog
Vehumet


Innate Abilities, Weirdness & Mutations

You cannot wear most types of armour.
You are very stealthy in the water. (Stealth+)
You are amphibious.
You can wear up to eight rings at the same time.
((You can use your tentacles to constrict eight enemies at once.))
((Your skin changes colour to match your surroundings (Stealth+).))
((Your rubbery body absorbs attacks. (AC +1, EV +1)))


Message History

You punch the gnoll sergeant! You freeze the gnoll sergeant.
The gnoll sergeant is almost dead.
The gnoll hits you.
The gnoll sergeant hits you with a +2 spear of flaming.
* * * LOW HITPOINT WARNING * * *
The gnoll sergeant melts you.
* * * LOW HITPOINT WARNING * * *
You closely miss the gnoll sergeant.
The gnoll sergeant is almost dead.
The gnoll closely misses you.
The gnoll sergeant hits you with a +2 spear of flaming.
* * * LOW HITPOINT WARNING * * *
The gnoll sergeant melts you.
* * * LOW HITPOINT WARNING * * *
You closely miss the gnoll sergeant.
The gnoll sergeant is almost dead.
The gnoll hits you.
* * * LOW HITPOINT WARNING * * *
The gnoll sergeant hits you with a +2 spear of flaming!
You die...

... #...##...#
...##...##...#
........#....#
.......#....#
H......#....#
#...#.g..#
#...(....#
#...##gg.#
#...##Y..#
#.....)..#
#........#
#+####...#
#...##...#
#........#
#....#...#
#....#####
####.#


You could see a gnoll sergeant and 2 gnolls.

Vanquished Creatures
  Purgy (Sewer)
  An ice beast (D:5)
  A centaur (D:5)
  A bullfrog skeleton (D:5)
  A bullfrog zombie (D:5)
  2 hounds
  An orc wizard (D:5)
  A worker ant (D:4)
  5 gnolls
  7 adders
  3 oozes
  3 adder skeletons
  A worm (D:5)
  2 dart slugs
  4 leopard geckos
  10 orcs
  3 ball pythons
  3 giant cockroaches
  9 goblins
  10 hobgoblins
  2 jackals (D:4)
  11 bats
  5 frilled lizards
  A jackal skeleton (D:4)
  9 kobolds
  7 rats
104 creatures vanquished.

Vanquished Creatures (collateral kills)
  An adder (D:2)
1 creature vanquished.

Grand Total: 105 creatures vanquished

Notes
Turn   | Place    | Note
-------+----------+-------------------------------------------
     0 | D:1      | AlterAsc the Octopode Transmuter began the quest for the
                  | Orb.
     0 | D:1      | Reached XP level 1. HP: 13/13 MP: 3/3
    64 | D:1      | Reached XP level 2. HP: 14/18 MP: 3/5
   280 | D:1      | Reached XP level 3. HP: 17/23 MP: 4/6
   595 | D:2      | Learned a level 2 spell: Sticks to Snakes
   599 | D:2      | Learned a level 3 spell: Spider Form
  1122 | D:2      | Found a stormy altar of Qazlal.
  1124 | D:2      | Noticed an earth elemental
  1125 | D:2      | Noticed an air elemental
  1125 | D:2      | Noticed a water elemental
  1125 | D:2      | Noticed a fire elemental
  1545 | D:2      | Reached skill level 3 in Transmutations
  1629 | D:2      | Reached XP level 4. HP: 26/28 MP: 3/7
  2359 | D:4      | Found a shimmering blue altar of Sif Muna.
  2367 | D:4      | Found a radiant altar of Vehumet.
  2381 | D:4      | Became a worshipper of Sif Muna the Loreminder
  2414 | D:4      | Found a staircase to the Ecumenical Temple.
  2423 | D:4      | Reached XP level 5. HP: 28/33 MP: 5/9
  2950 | D:4      | Reached skill level 4 in Transmutations
  2960 | D:4      | Got a steaming robe
  2969 | D:4      | Identified the +3 robe of Patterns {rPois rC+ Regen+ Str+2}
                  | (You found it on level 4 of the Dungeon)
  3769 | D:5      | Entered Level 5 of the Dungeon
  3803 | D:5      | Noticed a centaur
  3816 | D:5      | Killed a centaur
  3816 | D:5      | Reached skill level 5 in Transmutations
  3816 | D:5      | Reached XP level 6. HP: 34/38 MP: 3/11
  3858 | D:5      | Learned a level 4 spell: Ice Form
  3879 | D:5      | Noticed an ice beast
  3890 | D:5      | Killed an ice beast
  4014 | D:5      | Reached XP level 7. HP: 29/43 MP: 6/13
  4119 | D:5      | Found a sacrificial altar of Ru.
  4213 | D:5      | Found a bloodstained altar of Trog.
  4228 | D:5      | Found a glowing drain.
  4248 | Sewer    | Entered a sewer
  4474 | Sewer    | Reached * piety under Sif Muna
  4479 | Sewer    | Noticed Purgy
  4488 | Sewer    | Killed Purgy
  4488 | Sewer    | Reached skill level 6 in Transmutations
  4488 | Sewer    | Reached skill level 1 in Ice Magic
  4990 | D:6      | Noticed a hippogriff
  5026 | D:6      | Slain by a gnoll sergeant

Levels and vault maps discovered:
D:1:      minmay_arrival_stair_chambers, layout_basic
D:2:      layout_loops_corners, nicolae_qazlal_style_of_elements
D:3:      layout_loops_cross, serial_glass, glass_columns_a, glass_columns_b,
          glass_columns_a, glass_columns_b, item_on_display_a,
          due_unseen_surprise, feat_on_display
D:4:      layout_basic, minitemple, minmay_temple_entry_stoned_glass,
          serial_forest, infiniplex_forest_straight_2,
          infiniplex_forest_straight_5, infiniplex_forest_clump_small,
          infiniplex_forest_lined_2, infiniplex_forest_lined_ring,
          infiniplex_forest_straight_4, infiniplex_forest_straight_4,
          infiniplex_forest_clump_double
D:5:      layout_cave_pools, basic_altar, portal_sewer_entry_d, first_ration,
          trog_hazing_becter
D:6:      minmay_spotlight, layout_gridville, minmay_misc_feat_chi,
          uniq_grinder, uniq_sigmund

Skill      XL: |  1  2  3  4  5  6  7 |
---------------+----------------------+-----
Transmutations | 3 5 6 |  6.3
Spellcasting   | 3 4 |  4.3
Ice Magic      | 1 |  1.6
Fighting       | |  1.4
Dodging        | |  2.3
Unarmed Combat | |  3.2

Action                   |  1- 3 |  4- 6 |  7- 9 || total
-------------------------+-------+-------+-------++-------
Melee: Unarmed           |    84 |   140 |    87 ||   311
       Tentacles         |    11 |     4 |     2 ||    17
       Constrict         |    20 |    14 |     4 ||    38
       Kick              |     6 |    16 |       ||    22
       Punch             |     1 |       |       ||     1
Throw: Dart              |       |       |     3 ||     3
 Cast: Beastly Appendage |    24 |    17 |       ||    41
       Spider Form       |     1 |    12 |     8 ||    21
       Sticks to Snakes  |     1 |     2 |       ||     3
       Ice Form          |       |       |     1 ||     1
  Use: Scroll            |     2 |     8 |     1 ||    11
       Potion            |       |       |     3 ||     3
 Stab: Sleeping          |    12 |     2 |     3 ||    17
  Eat: Chunk             |     2 |     7 |     4 ||    13
       Ration            |       |     1 |       ||     1
Armor: Skin              |     8 |     7 |     5 ||    20
Dodge: Dodged            |    54 |   102 |    87 ||   243
